Map: Whispers of Gold

Players

IIIIIIIIIIII

  • Race: Protoss Protoss
  • League: Master
  • Spawn Location: 9:00

TerranYOUup - Winner!

  • Race: Terran Terran
  • League: Master
  • Spawn Location: 5:00

VOD

Have the link to the VOD?

Description

Time

  • Played on: Dec. 5, 2024, 2:31 p.m.
  • Length: 20:12
Show
View Real Time Build Order
Export as new Build Order

IIIIIIIIIIII Protoss 

Build Orders: 1 Gate Expand, Chargelot Immortal 

Get SALT Encoding   

  1  0:00  Probe  
  12  0:06  Probe  
  14  0:19  Pylon  
  14  0:24  Probe  
  15  0:38  Gateway  
  15  0:40  Probe  
  16  0:47  Assimilator  
  16  0:52  Probe  
  17  1:04  Probe  
  18  1:12  Probe  
  19  1:29  Probe, Nexus  
  20  1:45  Cybernetics Core, Probe  
  21  1:51  Warp Gate  
  21  1:57  Probe  
  22  2:03  Pylon  
  22  2:09  Probe  
  22  2:13  Assimilator  
  23  2:22  Probe  
  24  2:34  Probe  
  25  2:45  Robotics Facility  
  25  2:46  Probe  
  25  2:47  Probe  
  25  2:48  Shield Battery  
  27  2:56  Gateway  
  27  2:59  Probe  
  27  3:01  Probe  
  29  3:10  Gateway  
  29  3:13  Probe  
  29  3:14  Probe  
  31  3:27  Immortal  
  31  3:28  Pylon  
  31  3:33  Probe  
  36  3:36  Probe  
  36  3:40  Stalker  
  39  3:51  Stalker  
  39  3:54  Probe  
  39  3:55  Pylon  
  42  4:01  Immortal  
  42  4:04  Stalker  
  42  4:07  Probe  
  44  4:18  Probe  
  44  4:19  Probe  
  46  4:30  Probe  
  47  4:36  Twilight Council  
  47  4:38  Probe  
  48  4:43  Probe  
  43  4:58  Probe x2  
  43  4:59  Blink  
  45  5:03  Stalker  
  45  5:04  Stalker x2  
  51  5:10  Probe  
  52  5:18  Probe  
  53  5:34  Probe  
  54  5:39  Pylon  
  54  5:45  Probe  
  54  5:47  Pylon  
  54  5:48  Probe  
  54  5:49  Observer  
  56  5:57  Probe  
  56  6:00  Probe  
  56  6:02  Stalker x2  
  62  6:05  Nexus  
  62  6:09  Probe  
  63  6:12  Probe  
  63  6:13  Immortal  
  64  6:18  Shield Battery  
  68  6:27  Forge  
  68  6:28  Pylon  
  68  6:31  Probe x2  
  70  6:39  Pylon, Protoss Ground Armor Level 1  
  70  6:43  Gateway  
  70  6:44  Gateway  
  70  6:45  Gateway  
  70  6:47  Assimilator  
  70  6:51  Observer  
  71  6:57  Probe  
  72  7:07  Photon Cannon  
  72  7:08  Probe  
  72  7:10  Charge  
  72  7:14  Probe  
  73  7:21  Probe  
  76  7:22  Probe x2  
  76  7:25  Photon Cannon  
  76  7:27  Shield Battery  
  77  7:30  Immortal  
  77  7:32  Zealot x2, Sentry  
  77  7:33  Probe  
  77  7:35  Probe  
  89  7:37  Probe  
  88  7:46  Probe  
  88  7:49  Probe  
  88  7:50  Probe  
  91  7:54  Pylon  
  91  7:56  Probe  
  91  7:57  Stargate  
  91  7:59  Assimilator  
  91  8:00  Pylon  
  91  8:02  Probe x2  
  91  8:03  Photon Cannon  
  94  8:07  Observer, Pylon, Probe  
  96  8:14  Probe x2  
  96  8:15  Assimilator  
  96  8:19  Probe  
  99  8:22  Forge  
  99  8:25  Gateway  
  99  8:26  Probe x2  
  101  8:28  Immortal  
  101  8:31  Probe  
  102  8:38  Probe x2, Robotics Facility  
  102  8:39  Pylon  
  108  8:43  Probe  
  109  8:49  Probe  
  109  8:50  Probe, Stargate  
  109  8:54  Nexus  
  111  8:56  Pylon  
  111  8:58  Probe  
  111  9:00  Probe  
  111  9:01  Protoss Ground Armor Level 2  
  111  9:02  Probe  
  114  9:06  Photon Cannon  
  114  9:09  Photon Cannon  
  114  9:12  Probe  
  114  9:16  Observer  
  115  9:22  Immortal  
  119  9:30  Fleet Beacon  
  119  9:35  Immortal  
  123  9:38  Protoss Ground Weapons Level 1  
  123  9:42  Gateway  
  123  9:44  Gateway, Pylon  
  123  9:45  Assimilator  
  123  9:50  Probe  
  123  9:51  Probe x2  
  126  9:52  Zealot  
  126  9:53  Zealot x4  
  126  9:54  Zealot  
  138  10:03  Probe x2  
  138  10:06  Pylon  
  140  10:07  Pylon  
  140  10:09  Gateway, Photon Cannon  
  140  10:14  Tempest  
  140  10:16  Tempest  
  148  10:23  Templar Archives  
  148  10:26  Photon Cannon  
  148  10:27  Photon Cannon  
  148  10:30  Zealot  
  148  10:34  Photon Cannon  
  150  10:40  Probe  
  151  10:44  Mothership, Photon Cannon  
  159  10:59  Gateway, Psionic Storm, Assimilator  
  159  11:03  Assimilator  
  159  11:09  Pylon  
  159  11:11  High Templar  
  159  11:12  Probe  
  159  11:13  Probe x2  
  164  11:24  Probe  
  164  11:25  Probe x2, Pylon  
  167  11:27  High Templar  
  167  11:29  High Templar  
  170  11:35  Gateway  
  170  11:36  Shield Battery  
  170  11:37  Probe, Photon Cannon  
  171  11:41  Tempest  
  171  11:43  Shield Battery  
  175  11:51  Protoss Air Weapons Level 1  
  175  11:56  Robotics Bay, Nexus  
  175  11:57  Pylon  
  175  11:58  Pylon, High Templar  
  177  12:03  Gateway  
  171  12:21  Zealot x2  
  171  12:22  Zealot x3  
  178  12:23  Zealot  
  178  12:24  Zealot x4  
  188  12:35  Zealot  
  185  12:51  Zealot x2  
  185  12:55  Gateway  
  189  13:05  Pylon  
  188  13:06  Pylon  
  188  13:09  Nexus  
  188  13:10  Nexus  
  188  13:13  Pylon  
  188  13:16  Pylon  
  152  13:27  Pylon  
  152  13:28  Archon  
  152  13:31  Zealot x5  
  154  13:37  Pylon  
  148  13:41  Zealot  
  148  13:42  Zealot x2  
  148  13:47  Pylon  
  154  13:51  High Templar x4  
  154  13:53  High Templar  
  154  13:55  Archon  
  164  13:56  Archon  
  164  14:05  Disruptor x2  
  164  14:09  Protoss Ground Weapons Level 2  
  166  14:10  Observer  
  160  14:17  Zealot x2  
  164  14:36  Shield Battery  
  164  14:38  Probe x2  
  166  14:41  Disruptor x2  
  166  14:44  Assimilator  
  174  14:54  High Templar x7  
  174  14:55  High Templar  
  174  14:58  Archon  
  174  14:59  Archon x3  
  190  15:08  Photon Cannon  
  190  15:12  Photon Cannon  
  190  15:15  Robotics Facility  
  190  15:17  Observer, Disruptor  
  190  15:18  Photon Cannon  
  195  15:31  Photon Cannon  
  195  15:33  Photon Cannon  
  195  15:34  Observer  
  196  15:37  Dark Shrine  
  196  15:49  Zealot  
  198  15:50  Zealot  
  200  16:06  Photon Cannon  
  200  16:09  Photon Cannon  
  200  16:12  Assimilator  
  200  16:13  Assimilator  
  192  16:21  Zealot x3  
  192  16:22  Zealot x3  
  198  16:40  Shield Battery  
  188  16:57  Unknown  
  173  17:04  Stalker x6  
  173  17:05  Stalker x5  
  193  17:13  Observer x2  
  193  17:14  Photon Cannon x2  
  193  17:35  Dark Templar x2  
  193  17:36  Dark Templar x8  
  178  17:50  Zealot  
  96  18:02  Archon  
  94  18:07  Gateway  
  94  18:10  Stalker x4  
  94  18:11  Stalker x7  
  124  18:14  Assimilator  
  124  18:18  Mothership  
  123  18:21  Tempest  
  127  18:35  Nexus  
  127  18:41  Pylon  
  127  18:44  Dark Templar  
  129  18:50  Photon Cannon x2  
  127  18:57  Stalker x2  
  127  18:58  Stalker x2  
  133  19:09  Pylon  
  133  19:14  High Templar x3  
  139  19:21  Archon  
  104  19:36  Stalker x6  
  104  19:37  Stalker  
  110  19:47  Zealot  
Show
View Real Time Build Order
Export as new Build Order

TerranYOUup Terran - Winner!

Build Orders: 1/1/1, Cyclone Opening, Mech 

Get SALT Encoding   

  12  0:00  SCV  
  13  0:12  SCV  
  14  0:17  Supply Depot  
  14  0:24  SCV  
  15  0:30  Refinery  
  15  0:39  SCV  
  16  0:46  Barracks  
  16  0:51  SCV  
  17  0:58  Refinery  
  17  1:03  SCV  
  18  1:15  SCV  
  19  1:27  SCV  
  20  1:35  Factory  
  21  1:44  Orbital Command  
  20  1:48  Barracks Tech Lab  
  20  1:55  Supply Depot  
  20  2:12  SCV  
  21  2:23  Starport  
  21  2:28  Cyclone  
  24  2:40  SCV  
  24  2:43  Mag-Field Accelerator, Supply Depot  
  25  2:52  SCV  
  26  3:00  Liberator  
  29  3:10  Cyclone  
  29  3:11  SCV  
  33  3:20  Supply Depot  
  33  3:42  Command Center  
  33  3:44  Liberator  
  36  3:55  Siege Tank  
  39  4:23  SCV  
  40  4:29  Siege Tank  
  40  4:31  Command Center  
  40  4:56  Orbital Command  
  40  4:57  SCV  
  41  5:01  Siege Tank, Refinery  
  41  5:04  Refinery  
  44  5:19  Liberator  
  47  5:22  SCV x2  
  49  5:33  Factory  
  49  5:34  SCV x2  
  51  5:44  Orbital Command  
  51  5:46  SCV x2  
  51  5:49  Factory  
  53  5:58  SCV x2  
  53  6:03  Factory  
  55  6:06  Factory  
  55  6:10  SCV  
  56  6:18  Starport Tech Lab  
  53  6:21  SCV x2  
  53  6:22  SCV  
  56  6:30  Factory  
  56  6:32  Factory  
  56  6:33  SCV  
  56  6:34  SCV  
  56  6:35  Armory  
  56  6:39  SCV  
  59  6:42  Factory Tech Lab  
  59  6:45  SCV  
  59  6:46  Factory Tech Lab  
  60  6:49  Factory Tech Lab  
  60  6:52  SCV  
  61  6:58  Engineering Bay  
  61  7:01  Cloaking Field  
  61  7:04  SCV x2  
  61  7:07  Factory Reactor  
  63  7:16  SCV x2  
  63  7:18  Factory Reactor  
  63  7:19  Factory Reactor  
  65  7:26  SCV  
  65  7:28  SCV x2  
  68  7:31  Missile Turret x2  
  68  7:32  Missile Turret  
  68  7:35  Missile Turret  
  68  7:36  Missile Turret  
  68  7:39  Missile Turret  
  68  7:40  SCV x2  
  70  7:50  SCV  
  71  7:55  Armory  
  71  7:57  SCV x2  
  73  8:01  Supply Depot  
  73  8:02  Supply Depot  
  73  8:03  Supply Depot  
  73  8:05  Supply Depot x2  
  73  8:06  SCV  
  73  8:07  Supply Depot  
  74  8:13  Missile Turret  
  74  8:14  SCV x2  
  74  8:15  Missile Turret  
  76  8:23  Hellion x4  
  76  8:24  Hellion x2  
  88  8:39  Sensor Tower  
  88  8:45  Hellion x6  
  100  8:49  Infernal Pre-Igniter  
  100  8:51  Siege Tank  
  100  8:52  Siege Tank  
  100  8:54  Terran Vehicle Weapons Level 1  
  100  8:55  Orbital Command, Terran Vehicle And Ship Armor Level 1  
  106  8:57  Siege Tank  
  109  9:10  Siege Tank  
  109  9:11  Hellion  
  109  9:12  Hellion x3  
  120  9:19  Supply Depot  
  120  9:20  Supply Depot  
  120  9:28  SCV x3  
  123  9:33  Missile Turret  
  123  9:35  Sensor Tower  
  123  9:40  Siege Tank x2  
  123  9:42  Refinery  
  123  9:44  Refinery, SCV x3  
  132  9:51  Siege Tank  
  132  9:52  Siege Tank, Hellion  
  140  10:08  Command Center  
  140  10:12  Supply Depot  
  140  10:13  Supply Depot  
  140  10:15  Supply Depot x2  
  140  10:20  Supply Depot  
  140  10:23  Supply Depot  
  140  10:33  Siege Tank  
  140  10:34  Hellion x3  
  140  10:35  Siege Tank x2  
  155  10:36  Siege Tank  
  158  10:43  Starport  
  158  10:44  Starport  
  158  11:02  Missile Turret  
  158  11:05  Cyclone  
  158  11:07  Cyclone x2  
  158  11:09  Cyclone  
  170  11:12  Hellion x4  
  170  11:13  Hellion  
  180  11:20  Hellion  
  180  11:25  Supply Depot  
  182  11:36  Command Center  
  182  11:44  Thor x2  
  182  11:45  Missile Turret, Refinery  
  194  11:47  Sensor Tower  
  194  11:48  Refinery  
  194  11:49  Missile Turret  
  194  11:52  Starport Tech Lab  
  194  11:53  Starport Tech Lab  
  194  12:00  SCV x3  
  197  12:21  Thor  
  181  12:55  Thor x3  
  200  13:01  Planetary Fortress  
  198  13:06  Planetary Fortress  
  179  13:26  Thor  
  159  13:27  Banshee x2  
  159  13:29  Widow Mine x2  
  149  13:38  Thor x3  
  122  13:53  Hellion x6  
  134  14:00  SCV x2  
  136  14:09  Siege Tank  
  138  14:10  Banshee x2  
  143  14:21  Siege Tank  
  144  14:33  Siege Tank  
  144  14:34  Siege Tank  
  144  14:35  Hellion x4  
  144  14:36  Hellion x2  
  144  14:37  SCV x3  
  166  14:42  Siege Tank  
  169  14:47  Command Center  
  168  14:53  Siege Tank, Orbital Command  
  171  15:01  Refinery  
  171  15:04  Banshee x2  
  177  15:09  Siege Tank x2, Hellion  
  177  15:10  Hellion  
  177  15:12  Terran Vehicle And Ship Armor Level 2, Terran Vehicle Weapons Level 2  
  187  15:23  Hellion x3  
  187  15:24  Hellion  
  187  15:31  Hyperflight Rotors  
  187  15:58  Hellion  
  187  15:59  Hellion x5  
  199  16:06  Refinery  
  199  16:08  Refinery, Command Center  
  199  16:09  Orbital Command  
  200  16:11  Hellion  
  200  16:17  Hellion  
  200  16:18  Banshee x2  
  199  16:21  Hellion  
  200  16:38  Command Center  
  198  16:47  Siege Tank  
  170  17:06  Siege Tank x3  
  170  17:07  Hellion x4  
  187  17:12  Planetary Fortress  
  187  17:18  Supply Depot  
  187  17:19  Supply Depot, Hellion  
  186  17:23  Hellion  
  154  17:45  Banshee, Viking  
  154  17:46  Siege Tank x3  
  154  17:47  Siege Tank, Hellion  
  154  17:48  Hellion x4  
  114  18:02  Hellion  
  113  18:09  Hellion x5  
  123  18:15  Banshee  
  123  18:18  Siege Tank x3  
  123  18:19  Siege Tank, Refinery  
  132  18:23  Hellion  
  134  18:30  SCV, Hellion x3  
  134  18:31  SCV  
  139  18:43  SCV  
  139  18:44  SCV  
  132  18:55  Siege Tank x4  
  141  18:56  Hellion x4  
  141  19:01  Raven  
  152  19:05  SCV x2  
  152  19:15  Missile Turret  
  152  19:18  Missile Turret  
  141  19:28  Cyclone x2  
Tags
 
Add a new tag
Caveats
  • Supply blocks, unpowered buildings, or Contaminate may cause inaccurate times.
  • Supply counts are checked every 10 seconds.